Map: Lerilak Crest

Players

BadWolf - Winner!

  • Race: Zerg Zerg

Shamanas

  • Race: Terran Terran

VOD

Have the link to the VOD?

Description

Time

  • Played on: May 1, 2015, 5:34 p.m.
  • Length: 5:41
Show
View Real Time Build Order
Export as new Build Order

BadWolf Zerg - Winner!

Build Orders: Hatch First 

Get SALT Encoding   

  12  0:01  Drone  
  13  0:09  Drone  
  14  0:18  Overlord  
  14  0:43  Hatchery  
  14  0:47  Drone  
  14  0:50  Drone  
  14  0:55  Drone  
  16  0:59  Drone  
  17  1:15  Spawning Pool  
  17  1:18  Drone  
  17  1:40  Hatchery  
  17  1:45  Extractor  
  17  1:46  Drone  
  16  1:48  Drone  
  17  1:54  Drone, Extractor  
  17  2:00  Drone  
  18  2:04  Drone  
  19  2:14  Zergling x4  
  21  2:17  Queen  
  23  2:23  Drone  
  23  2:25  Drone  
  23  2:29  Drone  
  26  2:34  Drone  
  27  2:40  Drone  
  28  2:45  Overlord  
  28  2:53  Drone x2  
  28  2:54  Drone  
  30  3:05  Drone x3  
  33  3:13  Drone x2  
  35  3:20  Metabolic Boost  
  35  3:25  Baneling Nest  
  34  3:30  Drone x3  
  34  3:31  Drone  
  38  3:41  Overlord  
  38  3:43  Drone x3  
  41  3:52  Drone  
  41  3:55  Overlord  
  42  3:57  Hatchery  
  41  4:09  Zergling x4  
  44  4:10  Zergling x8  
  47  4:18  Lair, Zergling x6  
  50  4:26  Zergling x2  
  50  4:35  Zergling x4  
  50  4:37  Zergling x2  
  51  4:47  Zergling x6  
  54  4:59  Hatchery  
  53  5:01  Zergling x6  
  53  5:02  Zergling x4  
  58  5:07  Baneling x2  
  58  5:08  Baneling x6  
  58  5:22  Drone x6  
Show
View Real Time Build Order
Export as new Build Order

Shamanas Terran 

Build Orders:  

Get SALT Encoding   

  12  0:00  SCV  
  13  0:13  SCV  
  14  0:19  Supply Depot  
  14  0:25  SCV  
  15  0:40  Refinery  
  15  0:41  SCV  
  16  0:45  Barracks  
  16  0:53  SCV  
  17  1:05  SCV  
  18  1:17  SCV  
  19  1:31  Orbital Command  
  19  1:33  Reaper  
  19  1:35  Supply Depot  
  20  1:58  SCV  
  21  2:05  Command Center  
  21  2:10  SCV  
  21  2:12  Barracks Reactor  
  22  2:19  Factory  
  23  2:22  SCV  
  23  2:34  SCV  
  24  2:47  SCV  
  25  2:54  Marine x2  
  27  2:59  SCV  
  28  3:06  Factory Tech Lab  
  28  3:11  SCV  
  29  3:14  Marine x2  
  29  3:17  Bunker  
  29  3:19  Orbital Command  
  31  3:28  Command Center  
  31  3:30  Cyclone  
  31  3:33  Refinery  
  34  3:35  Refinery  
  34  3:41  SCV  
  34  3:45  Marine x2  
  34  3:46  SCV  
  37  3:53  SCV  
  38  3:59  SCV  
  39  4:05  SCV  
  40  4:11  SCV  
  41  4:17  SCV  
  41  4:18  Refinery, Starport  
  41  4:22  Marine x2  
  44  4:28  Factory  
  44  4:31  SCV x2  
  44  4:32  Missile Turret  
  41  4:47  SCV x2  
  41  4:48  Cyclone  
  43  4:57  Supply Depot  
  43  4:59  SCV, Supply Depot  
  45  5:00  Starport Tech Lab  
  45  5:01  Orbital Command  
  41  5:08  SCV  
  41  5:11  SCV  
  43  5:26  SCV  
  43  5:27  SCV  
Tags
 
Add a new tag
Caveats
  • Supply blocks, unpowered buildings, or Contaminate may cause inaccurate times.
  • Supply counts are checked every 10 seconds.